 Dungeon Crawl Stone Soup version 0.30-a0-632-g346586fe48 (webtiles) character file.

Game seed: 2377257129650014875

9 OTABOTABOTAB the Conjurer (level 2, -1/15 HPs)
             Began as a Deep Elf Conjurer on Jan 13, 2023.
             Slain by a gnoll
             ... wielding a +0 whip
              (6 damage)
             ... on level 1 of the Dungeon.
             The game lasted 00:00:40 (378 turns).

OTABOTABOTAB the Conjurer (Deep Elf Conjurer)        Turns: 378, Time: 00:00:41

Health: -1/15      AC:  2    Str:  4    XL:     2   Next: 6%
Magic:  0/8        EV: 12    Int: 22    God:
Gold:   14         SH:  0    Dex: 13    Spells: 6/7 levels left

rFire   . . .      SeeInvis .    b - +0 whip
rCold   . . .      Faith    .    (no shield)
rNeg    . . .      Spirit   .    a - +0 robe
rPois   .          Reflect  .    (no helmet)
rElec   .          Harm     .    (no cloak)
rCorr   .          Rampage  .    (no gloves)
Will    .....                    (no boots)
Stlth   ++                       (no amulet)
HPRegen 0.22/turn                (no ring)
MPRegen 0.11/turn                (no ring)

@: no status effects
A: no striking features
a: no special abilities


You were on level 1 of the Dungeon.
You visited 1 branch of the dungeon, and saw 1 of its levels.

You collected 14 gold pieces.

Inventory:

Hand Weapons
 b - a +0 whip (weapon)
   (You found it on level 1 of the Dungeon)
Armour
 a - a +0 robe (worn)
Jewellery
 c - a ring of ice {rC+, rF-}
   (You found it on level 1 of the Dungeon)
Potions
 M - a potion of magic


   Skills:
 - Level 2.4 Dodging
 - Level 2.4 Stealth
 + Level 3.3 Spellcasting
 * Level 4.8 Conjurations


You had 6 spell levels left.
You knew the following spells:

 Your Spells              Type           Power      Damage    Failure   Level
a - Magic Dart            Conj           96%        1d7       1%          1

Your spell library contained the following spells:

 Spells                   Type           Power      Damage    Failure   Level
 Searing Ray              Conj           48%        2d6       2%          2
 Dazzling Flash           Conj/Hex       28%        N/A       14%         3
 Fulminant Prism          Conj/Hex       7%         3d7       41%         4
 Iskenderun's Mystic Bla  Conj/Tloc      14%        2d5       41%         4


Dungeon Overview and Level Annotations

Branches:
Dungeon (1/15)

Altars:


Message History

MP restored: 6 The magic dart hits the jackal.
The jackal barks! x3; You hear a shout!
A jackal comes into view.
You now have 5/6 mp.
The magic dart hits the jackal but does no damage.
The jackal barks!
You now have 4/6 mp.
Aim: a jackal (100% to hit)
The magic dart hits the jackal but does no damage.
The jackal bites you.
You take 1 damage, and have 9/10 hp.
You now have 3/6 mp.
Aim: a jackal (100% to hit)
The magic dart hits the jackal.
The jackal bites you.
You take 1 damage, and have 8/10 hp.
You now have 2/6 mp.
Aim: a jackal (almost dead, 100% to hit)
The magic dart hits the jackal but does no damage.
The jackal closely misses you.
The jackal bites you but does no damage.
You now have 1/6 mp.
Aim: a jackal (almost dead, 100% to hit)
The magic dart hits the jackal.
You kill the jackal!
You now have 0/6 mp.
You don't have enough magic to cast this spell.
The jackal closely misses you. The jackal attacks as you move away!
The jackal bites you.
You take 2 damage, and have 7/10 hp.
Aim: a jackal (moderately wounded, 100% to hit)
The magic dart hits the jackal.
You kill the jackal!
The jackal completely misses you.
You now have 0/6 mp.
The jackal attacks as you move away! The jackal closely misses you. x2
The jackal bites you.
You take 2 damage, and have 6/10 hp.
The jackal bites you.
* * * LOW HITPOINT WARNING * * *
You take 3 damage, and have 3/10 hp.
MASSIVE DAMAGE!!
Really attack while wielding nothing?
You hit the jackal but do no damage. The jackal barely misses you.
b - a +0 whip (weapon)
The jackal bites you but does no damage.
You hit the jackal.
You kill the jackal!
You have reached level 2!
You regained 2 hp, and now have 6/15 hp.
Aim: a jackal (100% to hit)
The magic dart hits the jackal.
You kill the jackal!
You now have 0/8 mp.
You start resting.
Health restored: 15; MP restored: 8
Things that are here:
a jackal corpse; a jackal corpse You see here a jackal corpse.
A gnoll comes into view. It is wielding a +0 whip.
The gnoll moves out of view.
A gnoll is nearby!
A gnoll is nearby!
The magic dart hits the gnoll but does no damage.
The gnoll shouts!
You now have 7/8 mp.
The magic dart hits the gnoll.
You now have 6/8 mp.
You don't know that spell.
The magic dart hits the gnoll.
You now have 5/8 mp.
You see here a jackal corpse.
The gnoll attacks as you move away! The gnoll misses you.
Aim: a gnoll, wielding a +0 whip (moderately wounded, 100% to hit)
The magic dart hits the gnoll but does no damage.
The gnoll hits you with a +0 whip.
You take 3 damage, and have 12/15 hp.
Aim: a gnoll, wielding a +0 whip (moderately wounded, 100% to hit)
The magic dart hits the gnoll but does no damage.
The gnoll closely misses you.
You now have 4/8 mp.
Aim: a gnoll, wielding a +0 whip (moderately wounded, 100% to hit)
The magic dart hits the gnoll.
The gnoll hits you with a +0 whip.
You take 2 damage, and have 10/15 hp.
You now have 3/8 mp.
Aim: a gnoll, wielding a +0 whip (heavily wounded, 100% to hit)
The magic dart hits the gnoll.
The gnoll hits you with a +0 whip.
You take 5 damage, and have 5/15 hp.
MASSIVE DAMAGE!!
You now have 2/8 mp.
Aim: a gnoll, wielding a +0 whip (almost dead, 100% to hit)
The magic dart hits the gnoll but does no damage.
The gnoll barely misses you.
You now have 1/8 mp.
Aim: a gnoll, wielding a +0 whip (almost dead, 100% to hit)
The magic dart hits the gnoll.
The gnoll closely misses you.
You now have 0/8 mp.
The gnoll attacks as you move away! The gnoll hits you with a +0 whip.
You die...

#.#.##.# #### #.#.##.#
#.. ..
#.#.##.#####.###..#
###.#.##............#
###...#.########.##...#
....#.#.# #†# .#
###.#...# #.# #.#.###
#g# #.#.# #@#
#.#.##########.#
#.#.....†......#
#.############## ...


You could see a gnoll.

Vanquished Creatures
  An endoplasm (D:1)
  2 giant cockroaches (D:1)
  4 jackals (D:1)
7 creatures vanquished.

Notes
Turn   | Place    | Note
-------+----------+-------------------------------------------
     0 | D:1      | OTABOTABOTAB the Deep Elf Conjurer began the quest for the
                  | Orb.
     0 | D:1      | Reached XP level 1. HP: 10/10 MP: 6/6
   279 | D:1      | Reached XP level 2. HP: 6/15 MP: 1/8
   378 | D:1      | Slain by a gnoll

Illustrated notes

Levels and vault maps discovered:
D:1:      mrwooster_arrival_statue_2, layout_basic, minmay_misc_feat_room,
          minmay_misc_feat_square

Action                   || total
-------------------------++-------
Melee: Unarmed           ||     3
       Whip              ||     1
 Cast: Magic Dart        ||    22
Armor: Robe              ||     3
Dodge: Dodged            ||    12

Table legend: (Time is in decaauts)
 A = Elapsed time spent in this place.
 B = Non-inter-level travel time spent in this place.
 C = Inter-level travel time spent in this place.
 D = Time resting spent in this place.
 E = Time spent auto-exploring this place.
 F = Levels seen in this place.
 G = Mean time per level.
                   A        B        C        D        E       F      G
               +--------+--------+--------+--------+--------+-----+--------+
         Total |    377 |    377 |      0 |     71 |    253 |   1 |  377.0 |
       Dungeon |    377 |    377 |      0 |     71 |    253 |   1 |  377.0 |
               +--------+--------+--------+--------+--------+-----+--------+

Top non-repeatable levels by time:
     D:1: 377 daAuts

Table legend:
 A = Kills in this place as a percentage of kills in entire the game.
 B = Kills by you in this place as a percentage of kills by you in the entire game.
 C = Kills by friends in this place as a percentage of kills by friends in the entire game.
 D = Other kills in this place as a percentage of other kills in the entire game.
 E = Experience gained in this place as a percentage of experience gained in the entire game.
 F = Experience gained in this place divided by the number of levels of this place that you have seen.
                   A       B       C       D       E      F
               +-------+-------+-------+-------+-------+----------------------
         Total | 100.0 | 100.0 |   N/A |   N/A | 100.0 |  14.0
       Dungeon | 100.0 | 100.0 |   N/A |   N/A | 100.0 |  14.0
               +-------+-------+-------+-------+-------+----------------------
